 Dungeon Crawl Stone Soup version 0.29.1-2-gbd0b4ee654 (webtiles) character file.

Game seed: 1313529279980972332

421 GorkyZ the Cudgeller (level 6, -1/47 HPs)
             Began as a Demonspawn Gladiator on Nov 14, 2022.
             Was a Believer of Uskayaw.
             Slain by a yak (11 damage)
             ... on level 4 of the Dungeon.
             The game lasted 00:15:41 (4862 turns).

GorkyZ the Cudgeller (Demonspawn Gladiator)         Turns: 4862, Time: 00:15:42

Health: -1/47      AC:  7    Str: 16    XL:     6   Next: 62%
Magic:  12/15      EV: 10    Int:  9    God:    Uskayaw [**....]
Gold:   199        SH:  4    Dex: 15    Spells: 5/5 levels left

rFire   + . .      SeeInvis .   s - +0 flail (drain)
rCold   . . .      Faith    .   B - orb {*Rage}
rNeg    . . .      Spirit   .   f - +0 scale mail
rPois   .          Reflect  .   c - +0 helmet
rElec   .          Harm     .   (cloak unavailable)
rCorr   .          Rampage  .   (no gloves)
Will    .....      Rage     20% (no boots)
Stlth   ..........              (no amulet)
HPRegen 0.15/turn               n - ring of protection from fire
MPRegen 0.14/turn               v - ring of magical power

@: on berserk cooldown, slowed, very slow
A: condensation shield, weakness stinger 3
a: Renounce Religion, Stomp, Line Pass


You were on level 4 of the Dungeon.
You worshipped Uskayaw.
Uskayaw was noncommittal.
You visited 1 branch of the dungeon, and saw 4 of its levels.

You collected 199 gold pieces.

Inventory:

Hand Weapons
 a - a +0 flail
 s - a +0 flail of draining (weapon)
 D - a +1 vampiric rapier
Missiles
 d - 4 throwing nets (quivered)
 e - a javelin
Armour
 b - a +0 leather armour
 c - a +0 helmet (worn)
 f - a +0 scale mail (worn)
 r - a +0 buckler
 w - a +0 cloak
 B - an orb of wrath (worn)
 C - a +0 cloak
Jewellery
 n - a ring of protection from fire (left hand)
 v - a ring of magical power (right hand)
Wands
 q - a wand of iceblast (16)
 A - a wand of flame (25)
 E - a wand of light (7)
Scrolls
 h - 2 scrolls of butterflies {unknown}
 i - a scroll of fear {unknown}
 k - a scroll of vulnerability {unknown}
 m - 2 scrolls of summoning {unknown}
 o - a scroll of noise {unknown}
 t - 3 scrolls of teleportation {unknown}
 u - a scroll of amnesia {unknown}
 x - 2 scrolls of torment {unknown}
 y - 2 scrolls of enchant weapon {unknown}
 F - a scroll of identify {unknown}
 G - a scroll of blinking {unknown}
Potions
 g - a potion of magic {unknown}
 j - 3 potions of curing
 l - a potion of lignification {unknown}
 p - 2 potions of flight {unknown}
 z - a potion of degeneration {unknown}
 H - a potion of mutation {unknown}


   Skills:
 + Level 3.5 Fighting
 * Level 0.9 Short Blades
 + Level 4.6 Maces & Flails
 + Level 2.0 Throwing
 + Level 2.3 Armour
 + Level 3.4 Dodging
 - Level 1.0 Stealth
 + Level 0.9 Shields


You had 5 spell levels left.
You didn't know any spells.
Your spell library contained the following spells:

 Spells                   Type           Power      Damage    Failure   Level
 Sandblast                Erth           0%         2d4       82%         1
 Passwall                 Tmut/Erth      0%         N/A       91%         2
 Stone Arrow              Conj/Erth      0%         3d7       99%         3


Dungeon Overview and Level Annotations

Branches:
Dungeon (4/15)
 Temple: D:4-7

Altars:
Qazlal
Trog
Uskayaw


Innate Abilities, Weirdness & Mutations

A meltable shield of frost defends you. (SH +4)
You have a sharp stinger which inflicts weakening toxins.


Message History

You hit the yak.
The yak is lightly wounded.
The yak gores you! x2
* * * LOW HITPOINT WARNING * * *
You are too injured to fight recklessly!
You are too injured to fight recklessly!
You are too injured to fight recklessly!
You are too injured to fight recklessly!
You are too injured to fight recklessly!
You are too injured to fight recklessly!
You are too injured to fight recklessly!
You are too injured to fight recklessly!
You are too injured to fight recklessly!
You are too injured to fight recklessly!
You are too injured to fight recklessly!
You are too injured to fight recklessly!
You are too injured to fight recklessly!
You are too injured to fight recklessly!
You are too injured to fight recklessly!
You are too injured to fight recklessly!
You are too injured to fight recklessly!
You are too injured to fight recklessly!
You are too injured to fight recklessly!
You are too injured to fight recklessly!
You are too injured to fight recklessly!
You are too injured to fight recklessly!
You are too injured to fight recklessly!
You are too injured to fight recklessly!
Unknown command.
You feel much better. The yak gores you! The yak gores you but does no damage.
You stomp with the beat, sending a shockwave through the revellers around you!
The yak is moderately wounded.
You can no longer pass through a line of other dancers.
The yak gores you!
* * * LOW HITPOINT WARNING * * *
You can now pass through a line of other dancers.
You closely miss the yak.
The yak is moderately wounded.
The yak barely misses you. The yak gores you!
You die...

######### #.......#
#.......#
#.......############
#...........@YYYYS..
##
#.......###########.
. #.......# #
#.......## ####### #
#........## #.....# #
########..# #.....# #
##.# #.....##########
###### #.#
#...............
#....#
#.####.....#......<..


You could see 4 yaks and a ball python.

Vanquished Creatures
  Eustachio (D:4)
  An orc priest (D:3)
  An iguana (D:4)
  Natasha (thrice) (D:4)
  4 gnolls (D:4)
  3 adders
  2 worms (D:2)
  A dart slug (D:2)
  4 orcs
  7 endoplasms
  3 giant cockroaches
  5 goblins
  10 hobgoblins
  3 quokkas
  6 ball pythons
  A bat (D:2)
  3 frilled lizards
  10 kobolds
  3 rats
71 creatures vanquished.

Notes
Turn   | Place    | Note
-------+----------+-------------------------------------------
     0 | D:1      | GorkyZ the Demonspawn Gladiator began the quest for the
                  | Orb.
     0 | D:1      | Reached XP level 1. HP: 16/16 MP: 1/1
   514 | D:1      | Gained mutation: A meltable shield of frost defends you.
                  | (SH +4) [demonic ancestry]
   514 | D:1      | Reached XP level 2. HP: 22/22 MP: 2/2
   718 | D:1      | You fall into a shaft and drop 1 floor!
   745 | D:2      | Reached skill level 3 in Maces & Flails
  1187 | D:2      | Gained mutation: You have a small tail. [demonic ancestry]
  1187 | D:2      | Reached XP level 3. HP: 8/27 MP: 3/3
  1673 | D:2      | Found a faded altar of an unknown god.
  1740 | D:2      | Prayed at the altar of an unknown god.
  1740 | D:2      | Became a worshipper of Uskayaw the Reveller
  1740 | D:2      | Reached * piety under Uskayaw
  2453 | D:3      | Reached ** piety under Uskayaw
  2457 | D:3      | Reached skill level 1 in Armour
  2457 | D:3      | Gained mutation: You have a tail ending in a sharp stinger.
                  | [demonic ancestry]
  2457 | D:3      | Reached XP level 4. HP: 19/34 MP: 4/4
  2461 | D:3      | Reached *** piety under Uskayaw
  2796 | D:3      | Found a stormy altar of Qazlal.
  2835 | D:3      | Found a bloodstained altar of Trog.
  3825 | D:4      | Noticed Eustachio
  3825 | D:4      | Noticed Natasha
  3843 | D:4      | Killed Natasha
  3844 | D:4      | Reached XP level 5. HP: 39/41 MP: 5/5
  3854 | D:4      | Reached **** piety under Uskayaw
  3912 | D:4      | Reached ***** piety under Uskayaw
  3917 | D:4      | Killed Eustachio
  3918 | D:4      | Reached skill level 4 in Maces & Flails
  3918 | D:4      | Reached skill level 1 in Stealth
  3918 | D:4      | Gained mutation: You have a sharp stinger which inflicts
                  | weakening toxins. [demonic ancestry]
  3918 | D:4      | Reached XP level 6. HP: 9/47 MP: 6/6
  4322 | D:4      | Noticed Natasha
  4333 | D:4      | Killed Natasha
  4471 | D:4      | Noticed Natasha
  4479 | D:4      | Killed Natasha
  4852 | D:4      | Noticed a yak
  4853 | D:4      | Noticed a yak
  4854 | D:4      | Noticed a yak
  4855 | D:4      | Noticed a yak
  4862 | D:4      | Slain by a yak

Illustrated notes

Levels and vault maps discovered:
D:1:      lightli_arrival_windingriver, layout_basic, minmay_tetromino_t4
D:2:      layout_basic, ebering_ecumenical_altar_mist, grunt_ministairs_1
D:3:      layout_basic, nicolae_qazlal_general_emergency, marbit_many_paths,
          trog_hazing_becter
D:4:      minmay_bubble_buster, layout_rooms, uniq_eustachio, uniq_natasha

Skill      XL: |  1  2  3  4  5 |
---------------+----------------+-----
Dodging        | 3 |  3.4
Maces & Flails | 3 4 |  4.6
Throwing       | 2 |  2.0
Armour         | 1 2 |  2.3
Fighting       | 3 |  3.5
Stealth        | 1 |  1.0
Short Blades   | |  0.9
Shields        | |  0.9

Action                   |  1- 3 |  4- 6 || total
-------------------------+-------+-------++-------
Melee: Flail             |    90 |   160 ||   250
       Tailslap          |     8 |    16 ||    24
Throw: Throwing net      |     1 |       ||     1
Invok: Stomp             |       |     3 ||     3
       Line Pass         |       |     1 ||     1
  Use: Potion            |       |     2 ||     2
 Stab: Paralysed         |       |     6 ||     6
Armor: Scale mail        |    40 |   104 ||   144
Dodge: Dodged            |    39 |    89 ||   128
Block: Other             |     9 |       ||     9
       Buckler           |    10 |    18 ||    28
       Orb               |       |    35 ||    35
